 Dungeon Crawl Stone Soup version 0.17.1-3-g152610e (webtiles) character file.

964 Zhenya25pyc the Shield-Bearer (level 8, 0/48 HPs)
             Began as a Gargoyle Fighter on Mar 31, 2016.
             Was a Follower of Okawaru.
             Slain by an orc warrior
             ... wielding a +0 short sword
              (9 damage)
             ... on level 5 of the Dungeon.
             The game lasted 00:24:12 (5988 turns).

Zhenya25pyc the Shield-Bearer (Gargoyle Fighter)    Turns: 5988, Time: 00:24:12

Health: 0/48       AC: 17    Str: 21    XL:     8   Next: 15%
Magic:  8/8        EV: 13    Int:  9    God:    Okawaru [*.....]
Gold:   196        SH: 10    Dex: 10    Spells: 0 memorised, 7 levels left

rFire  . . .     SeeInvis .     a - +0 flail
rCold  . . .     Clarity  .     A - +0 chain mail
rNeg   + . .     SustAt   .     c - +0 shield
rPois  ∞         Gourm    .     v - +0 helmet
rElec  +         Spirit   .     (no cloak)
rCorr  .         Warding  .     m - +0 pair of gloves
rMut   .         Stasis   .     (no boots)
MR     .....                    F - amulet of faith
Stlth  ..........               y - +6 ring of evasion
                                (no ring)

@: not resistant to hostile enchantments, extremely unstealthy
A: negative energy resistance 1, electricity resistance, unbreathing,
petrification resistance, rot immunity, AC +5
a: Heroism, Renounce Religion


You were on level 5 of the Dungeon.
You worshipped Okawaru.
Okawaru was aware of your devotion.
You were not hungry.

You visited 1 branch of the dungeon, and saw 5 of its levels.

You collected 196 gold pieces.

Inventory:

Hand Weapons
 a - a +0 flail (weapon)
 f - a +0 spear
 C - a cursed -1 mace
Missiles
 w - 20 poisoned needles
Armour
 b - a +0 scale mail
 c - a +0 shield (worn)
 m - a +0 pair of gloves (worn)
 v - a +0 helmet (worn)
 A - a +0 chain mail (worn)
Jewellery
 l - an uncursed ring of protection from cold
 y - a +6 ring of evasion (right hand)
 F - an amulet of faith (around neck)
Wands
 t - a wand of slowing (0)
Scrolls
 h - 3 scrolls of identify {unknown}
 i - a scroll of fog {unknown}
 k - 2 scrolls of random uselessness {unknown}
 n - 2 scrolls of fear {unknown}
 p - a scroll of blinking {unknown}
 q - a scroll of remove curse {unknown}
 s - 2 scrolls of enchant weapon {unknown}
 u - a scroll of amnesia {unknown}
 z - 3 scrolls of enchant armour {unknown}
 H - a scroll of teleportation {unknown}
Potions
 d - a potion of might
 g - 3 potions of curing
 j - a potion of lignification {unknown}
 o - a potion of degeneration {unknown}
 r - 2 potions of mutation {unknown}
 x - a potion of magic {unknown}
 D - a potion of agility {unknown}
 E - a potion of resistance {unknown}
Comestibles
 e - 4 bread rations
 B - a beef jerky
 G - 4 chunks of flesh
 I - a meat ration


   Skills:
 + Level 4.7 Fighting
 + Level 4.1 Maces & Flails
 + Level 5.2 Armour
 + Level 2.8 Dodging
 + Level 0.8 Stealth
 + Level 6.9 Shields


You had 7 spell levels left.
You didn't know any spells.

Dungeon Overview and Level Annotations

Branches:
Dungeon (5/15)
 Temple: D:4-7

Altars:
Ashenzari
Elyvilon
Gozag
Okawaru
Qazlal
Ru
Trog
Vehumet
Zin


Innate Abilities, Weirdness & Mutations

You are resistant to torment.
Your stone body is resilient (AC +5).
You are immune to poison.
You resist negative energy.
You are resistant to electric shocks.
You can survive without breathing.
You are immune to petrification.
You are immune to rotting.


Message History

You kill the jackal!
Okawaru accepts your kill. You block the jackal's attack.
You hit the jackal but do no damage. The jackal completely misses you.
You sock the jackal!
You kill the jackal!
The jackal bites you but does no damage.
You thump the jackal!
You kill the jackal!
Okawaru accepts your kill.
You hit the orc warrior.
The orc warrior is severely wounded.
The orc warrior hits you with a short sword!
* * * LOW HITPOINT WARNING * * *
The orc warrior hits you with a short sword.
* * * LOW HITPOINT WARNING * * *
You hit the orc warrior.
The orc warrior is almost dead.
The orc warrior hits you with a short sword!
You die...

...###.....##(....#....
...####8###.......#..
#..#.###.#.).....<..
#..###..#...)......
#......†..#........
###......#.......... .. ..
..#.#.....##........#. ..
..##.###.##o##.8###.#....###.
..###...##..#.#@†.## #......#
#..#........#.###..# #..#...##
#..........##.##.## #.......# .
#.........###.######.##.##.###
.###.#..................#........
.............)....)####........##
.....#.......#)###)..............
.....##.....##.##))###.........##
.#...#..........).............##


You could see an orc warrior.

Vanquished Creatures
  An ogre (D:4)
  6 scorpions (D:4)
  An orc priest (D:5)
  A giant frog skeleton (D:4)
  2 orc wizards
  Jessica (D:2)
  Terence (D:2)
  2 worker ants
  A hound skeleton (D:4)
  Robin (D:2)
  10 adders
  9 gnolls
  An ooze (D:4)
  An adder zombie (D:5)
  2 worms
  3 giant geckos
  17 orcs
  4 giant cockroaches
  18 goblins
  8 hobgoblins
  28 jackals
  A quokka (D:3)
  A ball python (D:1)
  18 bats
  3 giant newts
  10 kobolds
  A quokka skeleton (D:4)
  8 rats
160 creatures vanquished.

Vanquished Creatures (others)
  9 fungi (D:4)
9 creatures vanquished.

Grand Total: 169 creatures vanquished

Notes
Turn   | Place    | Note
--------------------------------------------------------------
     0 | D:1      | Zhenya25pyc the Gargoyle Fighter began the quest for the Orb.
     0 | D:1      | Reached XP level 1. HP: 14/14 MP: 1/1
   367 | D:1      | Reached XP level 2. HP: 19/19 MP: 2/2
  1118 | D:2      | Noticed Jessica
  1119 | D:2      | Reached XP level 3. HP: 24/24 MP: 3/3
  1126 | D:2      | Killed Jessica
  1137 | D:2      | Reached skill level 4 in Shields
  1158 | D:2      | Reached skill level 1 in Dodging
  1158 | D:2      | Reached XP level 4. HP: 24/29 MP: 4/4
  1331 | D:2      | Noticed Terence
  1352 | D:2      | Killed Terence
  1560 | D:2      | Found a glowing silver altar of Zin.
  1561 | D:2      | Found a stormy altar of Qazlal.
  1665 | D:2      | Noticed Robin
  1675 | D:2      | Reached XP level 5. HP: 33/33 MP: 5/5
  1728 | D:2      | Killed Robin
  2258 | D:2      | Found a sacrificial altar of Ru.
  2498 | D:3      | Found a shattered altar of Ashenzari.
  2742 | D:3      | Found an iron altar of Okawaru.
  2771 | D:3      | Became a worshipper of Warmaster Okawaru
  2796 | D:3      | Reached XP level 6. HP: 27/38 MP: 6/6
  3113 | D:3      | Found a radiant altar of Vehumet.
  3878 | D:4      | Reached skill level 5 in Shields
  4421 | D:4      | Reached XP level 7. HP: 43/43 MP: 7/7
  4478 | D:4      | Reached * piety under Okawaru
  4522 | D:4      | Reached skill level 6 in Shields
  4546 | D:4      | Reached skill level 5 in Armour
  4842 | D:4      | Found an opulent altar of Gozag.
  5170 | D:4      | Found a bloodstained altar of Trog.
  5331 | D:4      | Reached XP level 8. HP: 48/48 MP: 8/8
  5683 | D:5      | Entered Level 5 of the Dungeon
  5687 | D:5      | Found a white marble altar of Elyvilon.
  5988 | D:5      | Slain by an orc warrior

Action                   |  1- 3 |  4- 6 |  7- 9 || total
-------------------------+-------+-------+-------++-------
Melee: Flail             |    89 |   361 |   285 ||   735
  Use: Potion            |       |     1 |     1 ||     2
  Eat: Chunk             |       |     3 |       ||     3
       Beef jerky        |       |     2 |       ||     2
       Bread ration      |       |     2 |       ||     2
       Meat ration       |       |       |     1 ||     1
